 Dungeon Crawl Stone Soup version 0.27-a0-1423-ge5d6b6ab6a (webtiles) character file.

Game seed: 6340941615243449154

47 Majang the Ruffian (level 3, -1/31 HPs)
             Began as a Deep Dwarf Transmuter on July 2, 2021.
             Splashed by a jelly's acid (7 damage)
             ... on level 1 of the Dungeon.
             The game lasted 00:06:02 (1133 turns).

Majang the Ruffian (Deep Dwarf Transmuter)          Turns: 1133, Time: 00:06:02

Health: -1/31      AC:  2    Str: 14    XL:     3   Next: 48%
Magic:  3/6        EV: 12    Int: 13    God:
Gold:   40         SH:  0    Dex: 13    Spells: 3/6 levels left

rFire    . . .     SeeInvis .   c - +0 club
rCold    . . .     Faith    .   (no shield)
rNeg     . . .     Spirit   .   a - +0 robe
rPois    .         Reflect  .   (helmet currently unavailable)
rElec    .         Harm     .   (no cloak)
rCorr    .         Rampage  .   (no gloves)
Will     .....                  (boots currently unavailable)
Stlth    +.........             (no amulet)
HPRegen  0.00/turn              (no ring)
MPRegen  0.10/turn              (no ring)

@: appendages (expiring), wereblooded
A: horns 2, talons 2, damage resistance, heal wounds, sense surroundings 1, no
regeneration
a: Heal Wounds, End Transformation


You were on level 1 of the Dungeon.
You had temporarily grown beastly horns and talons.
You visited 1 branch of the dungeon, and saw 1 of its levels.

You collected 40 gold pieces.

Inventory:

Hand Weapons
 c - a +0 club (weapon)
Armour
 a - a +0 robe (worn)
Scrolls
 d - a scroll of fear {unknown}
 e - a scroll of enchant weapon {unknown}
 f - a scroll of teleportation {unknown}
Potions
 b - a potion of magic {unknown}


   Skills:
 + Level 1.5 Fighting
 * Level 0.8 Maces & Flails
 + Level 1.1 Armour
 + Level 2.6 Dodging
 - Level 2.6 Unarmed Combat
 + Level 2.0 Spellcasting
 + Level 2.1 Transmutations


You had 3 spell levels left.
You knew the following spells:

 Your Spells              Type           Power      Damage    Failure   Level
a - Beastly Appendage     Tmut           14%        N/A       11%         1
b - Wereblood             Tmut           7%         N/A       16%         2

Your spell library contained the following spells:

 Spells                   Type           Power      Damage    Failure   Level
 Animate Skeleton         Necr           2%         N/A       26%         1
 Foxfire                  Conj/Fire      4%         2x1d4     26%         1
 Pain                     Necr           4%         1d4       26%         1
 Poisonous Vapours        Pois/Air       2%         N/A       36%         2
 Spider Form              Tmut/Pois      2%         N/A       43%         3
 Conjure Flame            Conj/Fire      1%         6-21      58%         3
 Inner Flame              Hex/Fire       1%         N/A       58%         3
 Mephitic Cloud           Conj/Pois/Air  1%         N/A       58%         3
 Vampiric Draining        Necr           0%         2d6       58%         3
 Ice Form                 Ice/Tmut       4%         N/A       85%         4
 Freezing Cloud           Conj/Ice/Air   0%         6-21      100%        5


Dungeon Overview and Level Annotations

Branches:
Dungeon (1/15)

Altars:


Innate Abilities, Weirdness & Mutations

You have temporarily grown beastly horns and talons.
You are resistant to damage.
You can heal yourself by infusing magical energy.
You passively map a small area around you.
You do not regenerate.


Message History

Your primal bloodlust is almost over.
The worm bites you.
You hit the worm.
The worm is lightly wounded.
The worm closely misses you.
You hit the worm.
The worm is lightly wounded.
You barely miss the worm.
The worm is lightly wounded.
The worm bites you but does no damage.
Casting: Wereblood (safe; 16% risk of failure)
Confirm with . or Enter, or press ? or * to list all spells.
You grow a pair of large bovine horns.
Your feet morph into talons.
The worm bites you!
You hit the worm. Your punch misses the worm.
The worm is moderately wounded.
Your transformation is almost over.
Your primal bloodlust has ended.
Casting: Beastly Appendage (safe; 11% risk of failure)
Confirm with . or Enter, or press ? or * to list all spells.
Your blood is infused with primal strength.
The worm bites you.
You hit the worm.
The worm is heavily wounded.
The worm bites you.
You hit the worm.
The worm is heavily wounded.
The worm bites you!
You barely miss the worm. You claw the worm.
The worm is heavily wounded.
You completely miss the worm. You claw the worm. You headbutt the worm.
You feel a bit better.
You kill the worm!
The jelly hits you.
You are splashed with acid!
* * * LOW HITPOINT WARNING * * *
You hit the jelly.
Your hands burn!
* * * LOW HITPOINT WARNING * * *
You headbutt the jelly.
The jelly is heavily wounded.
The jelly hits you.
You are splashed with acid!
You die...

##....#......#
###########.##..####
#...........>...#
#####..............##
...##..........†.###
##...............######
#####..........#......#
...............###..(.#
...............J@.....#
..###+#######'###.....#
..#..⌠...>...⌠..#.....#
#.#......<......#.....#
#.+⌠....###....⌠'.....#
#.#.......w.....#.....#
..#######B#######.#####
..#.....Jr.JrJh.#.#
#.#.....?.......#.#


You could see a jelly.

Vanquished Creatures
  A worm (D:1)
  A dart slug (D:1)
  2 ball pythons (D:1)
  4 bats (D:1)
  4 endoplasms (D:1)
  5 giant cockroaches (D:1)
  3 hobgoblins (D:1)
  5 jackals (D:1)
  3 kobolds (D:1)
  2 quokkas (D:1)
  A frilled lizard (D:1)
  6 rats (D:1)
37 creatures vanquished.

Notes
Turn   | Place    | Note
-------+----------+-------------------------------------------
     0 | D:1      | Majang the Deep Dwarf Transmuter began the quest for the
                  | Orb.
     0 | D:1      | Reached XP level 1. HP: 16/16 MP: 3/3
     1 | D:1      | Found a runed translucent door.
     1 | D:1      | Noticed a jelly
    38 | D:1      | Reached skill level 1 in Fighting
   561 | D:1      | Reached XP level 2. HP: 14/25 MP: 4/4
   577 | D:1      | Learned a level 2 spell: Wereblood
   804 | D:1      | Reached skill level 1 in Armour
   804 | D:1      | Reached XP level 3. HP: 31/31 MP: 2/6
  1133 | D:1      | Splashed by a jelly's acid

Illustrated notes

Levels and vault maps discovered:
D:1:      dpeg_arrival_caged_fury, layout_rooms, minmay_heptomino_d4

Skill      XL: |  1  2 |
---------------+-------+-----
Fighting       | 1 |  1.5
Transmutations | 2 |  2.1
Spellcasting   | 2 |  2.0
Armour         | 1 |  1.1
Maces & Flails | |  0.8
Dodging        | |  2.6
Unarmed Combat | |  2.6

Action                   || total
-------------------------++-------
Melee: Unarmed           ||    60
       Kick              ||    19
       Club              ||    50
       Headbutt          ||    10
 Cast: Beastly Appendage ||    11
       Wereblood         ||     7
 Stab: Sleeping          ||     1
Armor: Robe              ||    21
Dodge: Dodged            ||    69

Table legend: (Time is in decaauts)
 A = Elapsed time spent in this place.
 B = Non-inter-level travel time spent in this place.
 C = Inter-level travel time spent in this place.
 D = Time resting spent in this place.
 E = Time spent auto-exploring this place.
 F = Levels seen in this place.
 G = Mean time per level.
                   A        B        C        D        E       F      G
               +--------+--------+--------+--------+--------+-----+--------+
         Total |   1144 |   1144 |      0 |    468 |    371 |   1 | 1144.0 |
       Dungeon |   1144 |   1144 |      0 |    468 |    371 |   1 | 1144.0 |
               +--------+--------+--------+--------+--------+-----+--------+

Top non-repeatable levels by time:
     D:1: 1144 daAuts
